AoeStats
← Reis

Nomad

506618890Analyzed
4v4 RM · 19d ago on Sep 14, 2026· 29m 23s· 8 players
Game mode
Random Map
Map size
231×231
Population
200
Speed
Normal
Resources
Standard
Victory
Conquest
Starting age
Dark Age
Ending age
Imperial Age
RankedLock teamsTeams togetherTeam positionsShared explorationLock speedFull tech treeHidden civsTurbo modeCheats
Victory
Defeat
🇫🇷 Persians · France
1397
+12
🇺🇸 Hindustanis · United States
1357
+14
🇷🇺 Burmese · Russia
1340
+14
🇨🇭 Bulgarians · Switzerland
1326
+15
🇨🇳 Berbers · China
1375
-17
🇨🇳 Dravidians · China
1316
-14
🇹🇼 Aztecs · Taiwan
1300
-14
🇨🇳 Portuguese · China
1222
-10
KASPER
5:30 Loom
12:39 Feudal Age
19:21 Castle Age
18:41 Horse Collar
21:06 Fletching
25:51 Padded Archer Armor
26:07 Husbandry
Reis
6:16 Loom
13:33 Feudal Age
18:51 Castle Age
19:26 Fletching
19:42 Scale Barding Armor
20:14 Bodkin Arrow
Rabe3000
3:48 Loom
14:10 Feudal Age
20:33 Castle Age
21:00 Light Cavalry
21:58 Scale Barding Armor
22:03 Forging
22:27 Gold Mining
24:33 Double-Bit Axe
25:37 Chain Barding Armor
26:18 Town Watch
27:16 Wheelbarrow
28:23 Bloodlines
ani
12:17 Feudal Age
14:23 Double-Bit Axe
16:54 Loom
19:23 Castle Age
18:13 Gold Mining
18:29 Fishing Lines
19:37 Fletching
20:14 Bow Saw
20:39 Medium Warships
22:56 Bodkin Arrow
27:24 Scale Barding Armor
27:32 Forging
28:50 Bloodlines
28:40 Husbandry
9LMB
12:32 Feudal Age
15:36 Forging
15:24 Loom
18:10 Castle Age
18:35 Wheelbarrow
17:49 Double-Bit Axe
19:06 Medium Warships
19:35 Bow Saw
19:35 Fishing Lines
21:34 Iron Casting
21:46 Wheelbarrow
22:18 Wheelbarrow
23:13 Town Watch
25:31 Clinker Construction
25:36 Horse Collar
26:53 Gillnets
27:21 Siphons
wun ren
3:49 Loom
13:33 Feudal Age
17:10 Scale Mail Armor
17:21 Forging
20:17 Castle Age
18:33 Double-Bit Axe
20:27 Eagle Warrior
房东四十
15:01 Feudal Age
15:34 Fishing Lines
15:41 Double-Bit Axe
20:17 Stone Mining
20:20 Gold Mining
23:37 Castle Age
23:54 Wheelbarrow
23:14 Stone Mining
25:19 Bow Saw
25:33 Gillnets
26:00 Loom
27:36 Hand Cart
27:35 Medium Warships
Dd
11:11 Loom
14:05 Feudal Age
18:46 Castle Age
17:32 Fishing Lines
21:00 Double-Bit Axe
Connection lost

Rejoining the realm…

Still unreachable

The connection could not be restored.

Session expired

The server has moved on; the page needs a fresh start.